AoeStats
← Fede_II

Arabia

508931844Analyzed
2v2 RM · 6d ago on Sep 24, 2026· 50m 18s· 4 players
Game mode
Random Map
Map size
Medium (4 player)
Population
200
Speed
Normal
Resources
Standard
Victory
Conquest
Starting age
Dark Age
Ending age
Imperial Age
RankedLock teamsTeams togetherTeam positionsShared explorationLock speedFull tech treeHidden civsTurbo modeCheats
Victory
Defeat
🇦🇷 Magyars · Argentina
1089
+14
🇨🇭 Saxons · Switzerland
1055
+15
🇩🇪 Cumans · Germany
1052
-15
🇩🇪 Franks · Germany
1032
-14
Flammendes Käthchen
7:47 Loom
10:40 Feudal Age
12:19 Wheelbarrow
11:30 Double-Bit Axe
15:18 Scale Barding Armor
16:22 Forging
22:02 Castle Age
31:57 Town Watch
32:55 Chain Barding Armor
34:41 Scale Mail Armor
38:10 Imperial Age
36:50 Iron Casting
36:30 Fletching
37:14 Bow Saw
38:37 Cavalier
39:43 Gold Mining
40:21 Ballistics
40:00 Murder Holes
42:40 Conscription
46:24 Gold Shaft Mining
XocinX
5:20 Loom
11:53 Feudal Age
17:30 Wheelbarrow
24:46 Castle Age
23:21 Double-Bit Axe
24:53 Pikeman
25:56 Bloodlines
26:55 Hand Cart
28:58 Elite Skirmisher
32:21 Fletching
32:32 Padded Archer Armor
41:11 Capped Ram
42:44 Scale Barding Armor
42:51 Forging
42:36 Bodkin Arrow
Fede_II
7:41 Loom
10:13 Feudal Age
11:42 Double-Bit Axe
11:55 Horse Collar
19:07 Castle Age
20:40 Town Watch
22:08 Scale Mail Armor
22:19 Forging
22:59 Fletching
22:51 Pikeman
28:41 Padded Archer Armor
30:38 Chain Mail Armor
29:50 Crossbowman
32:25 Bodkin Arrow
34:05 Iron Casting
38:00 Imperial Age
36:54 Leather Archer Armor
38:43 Bow Saw
41:18 Arbalester
44:31 Wheelbarrow
43:58 Elite Varangian Guard
44:38 Shield Wall
45:38 Hand Cart
44:48 Halberdier
45:04 Shield Wall
45:45 Arson
46:01 Squires
46:36 Plate Mail Armor
48:15 Ballistics
48:56 Chemistry
50:31 Bracer
51:02 Ring Archer Armor
CapitanMOTA
7:11 Loom
9:35 Feudal Age
10:08 Double-Bit Axe
19:23 Horse Collar
23:28 Castle Age
22:25 Bloodlines
24:57 Fletching
25:11 Husbandry
26:53 Bodkin Arrow
26:49 Light Cavalry
27:27 Gold Mining
27:41 Padded Archer Armor
31:43 Bow Saw
33:52 Leather Archer Armor
38:09 Scale Barding Armor
39:47 Ballistics
41:28 Chain Barding Armor
41:25 Masonry
42:25 Wheelbarrow
45:32 Thumb Ring
48:44 Hand Cart
50:01 Corvinian Army
Connection lost

Rejoining the realm…

Still unreachable

The connection could not be restored.

Session expired

The server has moved on; the page needs a fresh start.